AoeStats
← hebus107

Black Forest

509470548Analyzed
2v2 RM · 5d ago on Sep 26, 2026· 52m 30s· 4 players
Game mode
Random Map
Map size
Medium (4 player)
Population
200
Speed
Normal
Resources
Standard
Victory
Conquest
Starting age
Dark Age
Ending age
Imperial Age
RankedLock teamsTeams togetherTeam positionsShared explorationLock speedFull tech treeHidden civsTurbo modeCheats
Victory
Defeat
🇨🇭 Lithuanians · Switzerland
812
+16
🇫🇷 Spanish · France
795
+17
🇨🇴 Burgundians · Colombia
819
-16
🇨🇴 Mongols · Colombia
814
-17
hebus107
0:39 Loom
13:32 Feudal Age
13:58 Horse Collar
14:15 Double-Bit Axe
16:15 Wheelbarrow
15:50 Gold Mining
23:05 Castle Age
21:50 Stone Mining
24:03 Bow Saw
23:57 Heavy Plow
24:15 Caravan
25:09 Stone Shaft Mining
25:13 Hand Cart
30:38 Thumb Ring
30:38 Squires
30:00 Pikeman
30:13 Elite Skirmisher
34:53 Fletching
35:04 Gambesons
36:19 Forging
37:14 Bodkin Arrow
38:26 Ballistics
38:17 Masonry
38:03 Murder Holes
41:18 Imperial Age
41:32 Halberdier
43:21 Chemistry
43:00 Iron Casting
44:48 Conscription
48:57 Elite Conquistador
pigmeroid
0:39 Loom
12:07 Feudal Age
12:33 Double-Bit Axe
12:29 Horse Collar
16:20 Town Watch
19:21 Castle Age
18:45 Padded Archer Armor
18:40 Fletching
23:27 Leather Archer Armor
23:08 Bodkin Arrow
23:40 Bow Saw
25:38 Heavy Plow
26:40 Wheelbarrow
26:06 Elite Skirmisher
26:59 Squires
26:20 Pikeman
27:27 Forging
27:33 Scale Barding Armor
29:20 Caravan
30:43 Hand Cart
30:53 Town Patrol
31:48 Thumb Ring
32:43 Scale Mail Armor
35:56 Imperial Age
34:12 Ballistics
33:52 Murder Holes
36:41 Chain Barding Armor
36:57 Iron Casting
37:47 Conscription
37:58 Tower Shields
39:00 Ring Archer Armor
41:35 Chemistry
41:08 Elite Leitis
43:19 Bracer
44:39 Plate Barding Armor
45:11 Halberdier
47:18 Husbandry
47:29 Bloodlines
51:32 Chain Mail Armor
aebigor
2:42 Loom
13:56 Feudal Age
12:53 Double-Bit Axe
19:52 Castle Age
18:57 Bow Saw
19:11 Horse Collar
20:43 Heavy Plow
23:12 Two-Man Saw
24:28 Burgundian Vineyards
27:01 Wheelbarrow
31:15 Imperial Age
29:52 Hand Cart
30:13 Crop Rotation
30:26 Pikeman
33:32 Chemistry
32:54 Ballistics
32:54 Cavalier
33:45 Scale Barding Armor
33:50 Forging
36:49 Iron Casting
37:18 Murder Holes
39:10 Gold Mining
39:57 Man-at-Arms
41:46 Paladin
45:29 Chain Barding Armor
46:09 Blast Furnace
46:04 Elite Skirmisher
48:13 Fletching
48:23 Padded Archer Armor
49:18 Bodkin Arrow
eduard.ft
13:38 Feudal Age
18:40 Castle Age
21:42 Double-Bit Axe
27:03 Bow Saw
31:21 Imperial Age
29:31 Wheelbarrow
28:50 Fletching
29:06 Gold Mining
30:46 Hand Cart
30:59 Bloodlines
30:58 Scale Barding Armor
30:56 Husbandry
30:39 Horse Collar
31:24 Heavy Plow
34:09 Bodkin Arrow
34:06 Elite Mangudai
35:23 Bracer
36:29 Chemistry
35:50 Ballistics
37:12 Chain Barding Armor
38:08 Forging
37:21 Heavy Camel Rider
41:03 Iron Casting
42:47 Blast Furnace
42:19 Light Cavalry
47:07 Gold Shaft Mining
46:37 Hussar
Connection lost

Rejoining the realm…

Still unreachable

The connection could not be restored.

Session expired

The server has moved on; the page needs a fresh start.